 Dungeon Sprint DCSS version 0.22.1-2-g9c5b331383 (webtiles) character file.

1261 Groucho the Blocker (level 8, 0/82 HPs)
             Began as a Deep Dwarf Fighter on Dec 8, 2018.
             Was a Priest of Makhleb.
             Killed from afar by a gargoyle (22 damage)
             ... with a stone arrow
             ... in the Dungeon (Sprint IX: "|||||||||||||||||||||||||||||").
             The game lasted 00:05:27 (230 turns).

Groucho the Blocker (Deep Dwarf Fighter)             Turns: 230, Time: 00:05:27

Health: 0/82       AC: 12    Str: 22    XL:     8   Next: 27%
Magic:  12/14      EV:  9    Int:  9    God:    Makhleb [***...]
Gold:   0          SH: 12    Dex: 12    Spells: 7/7 levels left

rFire    . . .     SeeInvis .   q - +3 war axe (chop)
rCold    . . .     Gourm    .   c - +0 shield
rNeg     . . .     Faith    .   r - +2 ring mail
rPois    .         Spirit   .   (no helmet)
rElec    .         Reflect  .   (no cloak)
rCorr    .         Harm     .   a - +0 pair of gloves
MR       +....     NoTele   +   b - +0 pair of boots
Stlth    +.........             (no amulet)
HPRegen  0.00/turn              (no ring)
MPRegen  0.14/turn              (no ring)

@: lethally poisoned (0 -> 0), non-regenerating, hasted (expiring), very quick
A: damage resistance, heal wounds, sense surroundings 1, no regeneration
a: Heal Wounds, Minor Destruction, Lesser Servant of Makhleb, Renounce Religion


You were in the Dungeon.
You worshipped Makhleb.
Makhleb was most pleased with you.
You were not hungry.

You visited 1 branch

Inventory:

Hand Weapons
 p - the +2 morningstar of Internal Strife {crush, +Fly SInv}
   (You found it in the Dungeon)

   It inflicts extra damage upon your enemies.
   It lets you see invisible.
   It lets you fly.
 q - a +3 war axe of chopping (weapon)
Armour
 a - a +0 pair of gloves (worn)
 b - a +0 pair of boots (worn)
 c - a +0 shield (worn)
 r - a +2 ring mail (worn)
Jewellery
 s - a +3 ring of strength
 t - a +3 ring of strength
Wands
 o - a wand of iceblast (10)
Scrolls
 k - 2 scrolls of blinking
 m - 3 scrolls of remove curse
 n - 2 scrolls of amnesia
Potions
 d - a potion of might
 e - a potion of invisibility
 i - 4 potions of magic
 j - a potion of berserk rage
 l - 2 potions of curing
Comestibles
 f - a ration


   Skills:
 + Level 8.4 Fighting
 + Level 9.6 Axes
 + Level 10.0 Armour
 + Level 10.0 Shields
 - Level 8.6 Invocations


You had 7 spell levels left.
You didn't know any spells.
Your spell library was empty.

Dungeon Overview and Level Annotations

Branches:
Dungeon (1/1)

Altars:
Cheibriados
Dithmenos
Elyvilon
Fedhas
Gozag
Hepliaklqana
Kikubaaqudgha
Makhleb
Nemelex Xobeh
Okawaru
Qazlal
Ru
Sif Muna
Trog
Uskayaw
Vehumet
Wu Jian
Xom
Yredelemnul
Zin
The Shining One
Beogh
Jiyva
Lugonu


Innate Abilities, Weirdness & Mutations

You are resistant to damage.
You can heal yourself by infusing magical energy.
You passively map a small area around you.
You do not regenerate.


Message History

The gargoyle hurls a stone arrow at you.
The stone arrow misses you.
You hit the gargoyle but do no damage.
The gargoyle is almost destroyed.
You feel yourself speed up.
The gargoyle hurls a stone arrow at you.
The stone arrow hits you!
* * * LOW HITPOINT WARNING * * *
You hit the gargoyle but do no damage.
The gargoyle is almost destroyed.
You hit the gargoyle but do no damage.
The gargoyle is almost destroyed.
The gargoyle hurls a stone arrow at you.
You block the stone arrow.
You barely miss the gargoyle.
The gargoyle is almost destroyed.
Your extra speed is starting to run out.
The gargoyle hurls a stone arrow at you.
The stone arrow hits you!
You die...

▓.▓
▓)▓,
▓.▓
,
▓.▓
▓.▓
* *
▓.▓
*
▓.▓,
▓.▓
*
▓@▓
▓9▓
*,
▓Z▓,
▓.▓
* *
▓.▓
▓.▓
*+
▓.▓,
▓+▓
,


You could see a gargoyle and an adder skeleton.

Vanquished Creatures
  An ugly thing (D)
  A troll (D)
  A hippogriff (D)
  A wyvern (D)
  A wraith (D)
  A phantom (D)
  A big kobold (D)
  A killer bee (D)
  An adder (D)
  4 orcs (D)
  A bat zombie (D)
  2 hobgoblins (D)
  A frilled lizard (D)
  A kobold (D)
  2 rats (D)
20 creatures vanquished.

Notes
Turn   | Place    | Note
-------+----------+-------------------------------------------
     0 | D        | Groucho the Deep Dwarf Fighter began the quest for the Orb.
     0 | D        | Reached XP level 1. HP: 20/20 MP: 1/1
    30 | D        | Noticed a phantom
    34 | D        | Reached XP level 2. HP: 11/28 MP: 2/2
    69 | D        | Killed a phantom
    69 | D        | Reached skill level 5 in Axes
    69 | D        | Reached skill level 5 in Armour
    69 | D        | Reached skill level 5 in Shields
    69 | D        | Reached XP level 3. HP: 16/38 MP: 3/3
    69 | D        | Reached XP level 4. HP: 19/45 MP: 4/4
    80 | D        | Found a roughly hewn altar of Beogh.
    80 | D        | Found a snail-covered altar of Cheibriados.
    80 | D        | Found a shadowy altar of Dithmenos.
    80 | D        | Found a white marble altar of Elyvilon.
    80 | D        | Found a blossoming altar of Fedhas.
    80 | D        | Found an opulent altar of Gozag.
    87 | D        | Found a hazy altar of Hepliaklqana.
    88 | D        | Found a viscous altar of Jiyva.
    89 | D        | Found an ancient bone altar of Kikubaaqudgha.
    90 | D        | Found a corrupted altar of Lugonu.
    91 | D        | Found a burning altar of Makhleb.
    92 | D        | Found a sparkling altar of Nemelex Xobeh.
    93 | D        | Found an iron altar of Okawaru.
    94 | D        | Found a stormy altar of Qazlal.
    95 | D        | Found a sacrificial altar of Ru.
    96 | D        | Found a deep blue altar of Sif Muna.
    97 | D        | Found a bloodstained altar of Trog.
    98 | D        | Found a hide-covered altar of Uskayaw.
    99 | D        | Became a worshipper of Makhleb the Destroyer
   100 | D        | Found a radiant altar of Vehumet.
   101 | D        | Found an ornate altar of the Wu Jian Council.
   102 | D        | Found a shimmering altar of Xom.
   103 | D        | Found a basalt altar of Yredelemnul.
   104 | D        | Found a glowing silver altar of Zin.
   105 | D        | Found a glowing golden altar of the Shining One.
   122 | D        | Got the +2 morningstar of Internal Strife {crush, +Fly
                  | SInv}
   157 | D        | Noticed a hippogriff
   157 | D        | Noticed a troll
   157 | D        | Noticed a big kobold
   165 | D        | Killed a hippogriff
   165 | D        | Reached skill level 5 in Invocations
   165 | D        | Reached XP level 5. HP: 30/55 MP: 4/8
   165 | D        | Reached XP level 6. HP: 34/62 MP: 4/9
   179 | D        | Killed a troll
   182 | D        | Reached * piety under Makhleb
   185 | D        | Reached XP level 7. HP: 26/72 MP: 6/12
   189 | D        | Reached ** piety under Makhleb
   197 | D        | Noticed a wraith
   197 | D        | Noticed a green ugly thing
   197 | D        | Noticed a wyvern
   197 | D        | Noticed a gargoyle
   205 | D        | Killed a green ugly thing
   214 | D        | Killed a wraith
   214 | D        | Reached XP level 8. HP: 30/81 MP: 9/14
   221 | D        | Reached *** piety under Makhleb
   221 | D        | Reached skill level 10 in Armour
   221 | D        | Reached skill level 10 in Shields
   230 | D        | Killed from afar by a gargoyle

Skill      XL: |  1  2  3  4  5  6  7  8 |
---------------+-------------------------+-----
Fighting       | 3 4 6 7 8 |  8.4
Axes           | 3 5 6 8 9 |  9.6
Armour         | 4 5 7 8 9 10 | 10.0
Shields        | 4 5 7 8 9 10 | 10.0
Invocations    | 5 7 8 |  8.6

Action                   |  1- 3 |  4- 6 |  7- 9 || total
-------------------------+-------+-------+-------++-------
Melee: War axe           |    40 |    24 |    34 ||    98
Invok: Minor Destruction |       |       |     1 ||     1
  Use: Potion            |     1 |     5 |     1 ||     7
Armor: Scale mail        |    11 |       |       ||    11
       Ring mail         |       |    10 |     3 ||    13
Dodge: Dodged            |     9 |     8 |     7 ||    24
Block: Shield            |    21 |    28 |    18 ||    67
